 Dungeon Crawl Stone Soup version 0.27-a0-1193-g8631133539 (webtiles) character file.

Game seed: 6816812003603835494

3012 senseless the Nimble (level 9, 0/74 HPs)
             Began as a Gnoll Monk on May 26, 2021.
             Was a High Priest of Vehumet.
             Slain by an ogre
             ... wielding a +0 giant club
              (28 damage)
             ... on level 6 of the Dungeon.
             The game lasted 00:21:48 (6035 turns).

senseless the Nimble (Gnoll Monk)                   Turns: 6035, Time: 00:21:49

Health: 0/74       AC:  3    Str: 12    XL:     9   Next: 84%
Magic:  15/15      EV: 23    Int: 12    God:    Vehumet [*****.]
Gold:   257        SH:  0    Dex: 14    Spells: 10/17 levels left

rFire    + . .     SeeInvis .   c - +8 mithril axe "Arga" {speed, Will+}
rCold    . . .     Faith    .   (no shield)
rNeg     . . .     Spirit   .   b - +1 robe
rPois    .         Reflect  .   (no helmet)
rElec    .         Harm     .   (no cloak)
rCorr    .         Rampage  .   (no gloves)
Will     ++...                  (no boots)
Stlth    +++.......             p - amulet of magic regeneration
HPRegen  0.22/turn              h - +4 ring of evasion
MPRegen  0.39/turn              r - +4 ring of evasion

@: slowed, very slow
A: fangs 1, strong nose, distributed training, fire resistance 1, strong-willed
1
a: Renounce Religion


You were on level 6 of the Dungeon.
You worshipped Vehumet.
Vehumet was extremely pleased with you.
You visited 1 branch of the dungeon, and saw 6 of its levels.
You also visited: Sewer.

You collected 257 gold pieces.

Inventory:

Hand Weapons
 a - a +0 hand axe
 c - the +8 mithril axe "Arga" (weapon) {speed, Will+}
   (You acquired it on level 1 of the Dungeon)

   Attacks with this weapon are significantly faster.
   It increases your willpower.
 e - a +3 dagger
 g - a +4 whip
Missiles
 d - 137 stones (quivered)
 j - 49 poisoned darts
Armour
 b - a +1 robe (worn)
 t - a +0 buckler
 v - a +0 troll leather armour
Jewellery
 h - a +4 ring of evasion (left hand)
 m - a ring of positive energy
 p - an amulet of magic regeneration (around neck)
 r - a +4 ring of evasion (right hand)
Wands
 q - a wand of polymorph (10)
Scrolls
 i - a scroll of teleportation
 l - 2 scrolls of amnesia
 u - a scroll of fear
 x - a scroll of holy word
Potions
 f - 2 potions of flight
 k - a potion of might
 n - a potion of curing
 o - a potion of magic
 s - a potion of berserk rage
 w - a potion of mutation


   Skills:
 + Level 8.1 Fighting
 + Level 4.6 Short Blades
 + Level 4.6 Long Blades
 + Level 8.1 Axes
 + Level 4.6 Maces & Flails
 + Level 4.6 Polearms
 + Level 4.6 Staves
 + Level 4.6 Slings
 + Level 4.6 Bows
 + Level 4.6 Crossbows
 + Level 4.6 Throwing
 + Level 4.6 Armour
 + Level 8.1 Dodging
 + Level 6.3 Stealth
 + Level 4.6 Shields
 + Level 4.6 Unarmed Combat
 + Level 4.6 Spellcasting
 + Level 3.8 Conjurations
 + Level 3.8 Hexes
 + Level 3.8 Summonings
 + Level 3.8 Necromancy
 + Level 3.8 Translocations
 + Level 3.8 Transmutations
 + Level 3.8 Fire Magic
 + Level 3.8 Ice Magic
 + Level 3.8 Air Magic
 + Level 3.8 Earth Magic
 + Level 3.8 Poison Magic
 + Level 5.1 Invocations
 + Level 4.6 Evocations


You had 10 spell levels left.
You knew the following spells:

 Your Spells              Type           Power      Damage    Failure   Level
a - Foxfire               Conj/Fire      48%        2x1d6     1%          1
b - Sandblast             Erth           24%        2d8       1%          1
c - Iskenderun's Battles  Conj           12%        2d7       28%         5

Your spell library contained the following spells:

 Spells                   Type           Power      Damage    Failure   Level


Dungeon Overview and Level Annotations

Branches:
Dungeon (6/15)             Temple (0/1) D:4           Sewer (visited)

Altars:
Cheibriados
Makhleb
Vehumet

Shops:
D:2 :


Innate Abilities, Weirdness & Mutations

You have very sharp teeth.
Your uncanny sense of smell can sniff out nearby items.
Your experience applies equally to all skills.
Your flesh is heat resistant. (rF+)
You are strong-willed. (Will+)


Message History

The wraith hits you. The wraith drains your vigour!
You feel yourself slow down.
You closely miss the wraith.
The wraith is lightly damaged.
The wraith completely misses you.
You slash the wraith!
The wraith is moderately damaged.
A centaur skeleton comes into view.
The wraith hits you. The wraith drains your vigour!
You feel as though you will be slow longer.
The wraith barely misses you.
You slash the wraith!
The wraith is severely damaged.
The wraith closely misses you.
You slash the wraith! You bite the wraith, but do no damage.
The wraith is almost destroyed.
The wraith barely misses you.
You slash the wraith!
You destroy the wraith!
Vehumet accepts your kill.
You feel your power returning.
The water moccasin completely misses you.
Your Invocations skill increases to level 5!
You hit the water moccasin.
The water moccasin is severely wounded.
The water moccasin closely misses you.
The water moccasin completely misses you.
You slash the water moccasin!
You kill the water moccasin!
Vehumet accepts your kill. The ogre hits you with a +0 giant club!
You hit the ogre.
The ogre is lightly wounded.
You hit the ogre.
The ogre is moderately wounded.
The ogre hits you with a +0 giant club!!
You slash the ogre!
The ogre is severely wounded.
The ogre hits you with a +0 giant club!!
You die...

*******,*###############....#
*,,.................#.#
*,,..#######.....####.#
******,,,,* #.###......#
*,,,,*,,,,* #.##.......###
*,,,,*,,,,* ###.##.........##
*,,,,*,,,,* #...#..♣.....♣..##
*,,,,*,,,,* #.##...♣♣...♣♣...#
**,,,,*,,,,* #@#....♣♣♣.♣♣♣....
,,,,,,,,...#####O#.♣♣♣.♣♣.♣♣.♣♣♣.
,,,,,,,,........zZ..♣**.♣.♣†♣♣♣..
,,,,,,,*.##......#...♣♣♣♣.♣♣♣♣...
***,,*,*,*#.####†#.#.....⌠.....#.
,,,,,,,,,......†.....♣♣♣♣.♣♣♣♣...
***,**,*.....O.#.#..♣♣♣,♣.♣.♣♣♣..
,,,,,,,*,......#.#.♣♣♣.*♣.♣♣.♣♣♣.
,,,,,,,,,.....,#.#....♣♣♣.♣♣♣....


You could see an ogre, a wight and a centaur skeleton.

Vanquished Creatures
  A troll (D:6)
  A shadow (D:6)
  5 yaks (D:5)
  A wraith (D:6)
  A steam dragon (D:5)
  A water moccasin (D:6)
  A hornet zombie (D:6)
  2 ice beasts (D:5)
  A sky beast (D:6)
  2 black bears
  A necrophage (D:6)
  2 ogres
  A phantom (D:5)
  A kobold brigand (D:5)
  2 scorpions
  A water moccasin zombie (D:5)
  A water moccasin skeleton (D:5)
  A hound (D:6)
  An orc priest (D:3)
  A bullfrog skeleton (D:6)
  An orc wizard (D:4)
  A mummy (D:4)
  A howler monkey zombie (D:5)
  8 adders
  2 ufetubi
  An adder skeleton (D:4)
  5 worms
  A dart slug (D:1)
  8 orcs
  7 endoplasms
  7 giant cockroaches
  11 goblins
  5 hobgoblins
  12 jackals
  7 kobolds
  7 quokkas
  7 ball pythons
  12 bats
  8 frilled lizards
  4 rats
  3 bushes (D:4)
146 creatures vanquished.

Vanquished Creatures (others)
  4 foxfires
  A plant (D:4)
5 creatures vanquished.

Grand Total: 151 creatures vanquished

Notes
Turn   | Place    | Note
-------+----------+-------------------------------------------
     0 | D:1      | senseless the Gnoll Monk began the quest for the Orb.
     0 | D:1      | Reached XP level 1. HP: 23/23 MP: 1/1
    25 | D:1      | Reached XP level 2. HP: 26/29 MP: 2/2
    53 | D:1      | Reached XP level 3. HP: 12/35 MP: 3/3
   441 | D:1      | Found a faded altar of an unknown god.
   444 | D:1      | Became a worshipper of Vehumet
   444 | D:1      | Reached * piety under Vehumet
   444 | D:1      | Offered knowledge of Foxfire by Vehumet.
   444 | D:1      | Reached ** piety under Vehumet
   447 | D:1      | Learned a level 1 spell: Foxfire
   510 | D:1      | Offered knowledge of Sandblast by Vehumet.
   534 | D:1      | Learned a level 1 spell: Sandblast
   673 | D:1      | Offered knowledge of Searing Ray by Vehumet.
   674 | D:1      | Reached skill level 1 in Invocations
   684 | D:1      | Reached *** piety under Vehumet
   807 | D:1      | Identified a scroll of acquirement
   807 | D:1      | Acquired the +8 mithril axe "Arga" {speed, Will+}
   808 | D:1      | Found the +8 mithril axe "Arga" {speed, Will+}
   869 | D:2      | Reached skill level 1 in Short Blades
   869 | D:2      | Reached skill level 1 in Long Blades
   869 | D:2      | Reached skill level 1 in Maces & Flails
   869 | D:2      | Reached skill level 1 in Polearms
   869 | D:2      | Reached skill level 1 in Staves
   869 | D:2      | Reached skill level 1 in Slings
   869 | D:2      | Reached skill level 1 in Bows
   869 | D:2      | Reached skill level 1 in Crossbows
   869 | D:2      | Reached skill level 1 in Throwing
   869 | D:2      | Reached skill level 1 in Armour
   869 | D:2      | Reached skill level 1 in Shields
   869 | D:2      | Reached skill level 1 in Unarmed Combat
   869 | D:2      | Reached skill level 1 in Spellcasting
   869 | D:2      | Reached skill level 1 in Evocations
   872 | D:2      | Reached XP level 4. HP: 34/41 MP: 5/5
  1158 | D:2      | Offered knowledge of Mephitic Cloud by Vehumet.
  1277 | D:2      | Found Jereol's Book Shop.
  1378 | D:2      | Reached skill level 1 in Conjurations
  1378 | D:2      | Reached skill level 1 in Hexes
  1378 | D:2      | Reached skill level 1 in Summonings
  1378 | D:2      | Reached skill level 1 in Necromancy
  1378 | D:2      | Reached skill level 1 in Translocations
  1378 | D:2      | Reached skill level 1 in Transmutations
  1378 | D:2      | Reached skill level 1 in Fire Magic
  1378 | D:2      | Reached skill level 1 in Ice Magic
  1378 | D:2      | Reached skill level 1 in Air Magic
  1378 | D:2      | Reached skill level 1 in Earth Magic
  1378 | D:2      | Reached skill level 1 in Poison Magic
  1813 | D:3      | Reached XP level 5. HP: 47/47 MP: 5/7
  1900 | D:3      | Found a burning altar of Makhleb.
  2650 | D:4      | Reached XP level 6. HP: 50/53 MP: 8/8
  2763 | D:4      | Noticed a black bear
  2770 | D:4      | Killed a black bear
  2885 | D:4      | Found a snail-covered altar of Cheibriados.
  3097 | D:4      | Reached **** piety under Vehumet
  3344 | D:4      | Found a staircase to the Ecumenical Temple.
  3430 | D:4      | Reached XP level 7. HP: 37/59 MP: 10/10
  3733 | D:4      | Gained mutation: You are strong-willed. (Will+) [potion of
                  | mutation]
  3733 | D:4      | Gained mutation: You are dopey. (Int -2) [potion of
                  | mutation]
  3733 | D:4      | Lost mutation: You are dopey. (Int -2) [potion of mutation]
  3733 | D:4      | Gained mutation: Your flesh is heat resistant. (rF+)
                  | [potion of mutation]
  3735 | D:5      | Entered Level 5 of the Dungeon
  3880 | D:5      | Reached skill level 5 in Stealth
  3986 | D:5      | Noticed a yak
  3989 | D:5      | Noticed a yak
  3990 | D:5      | Offered knowledge of Conjure Flame by Vehumet.
  3990 | D:5      | Noticed a yak
  4000 | D:5      | Reached XP level 8. HP: 61/67 MP: 12/12
  4001 | D:5      | Noticed a yak
  4006 | D:5      | Killed a yak
  4014 | D:5      | Noticed a yak
  4019 | D:5      | Killed a yak
  4425 | D:5      | Killed a yak
  4724 | D:5      | Reached XP level 9. HP: 72/72 MP: 14/14
  5166 | D:6      | Found a glowing drain.
  5177 | Sewer    | Entered a sewer
  5523 | Sewer    | Reached ***** piety under Vehumet
  5564 | Sewer    | Offered knowledge of Iskenderun's Battlesphere by Vehumet.
  5765 | D:6      | Learned a level 5 spell: Iskenderun's Battlesphere
  5826 | D:6      | Noticed a troll
  5832 | D:6      | Killed a troll
  6031 | D:6      | Reached skill level 5 in Invocations
  6035 | D:6      | Slain by an ogre

Illustrated notes

Levels and vault maps discovered:
D:1:      scummos_arrival_simple_fountains, layout_basic,
          shapermc_ecumenical_altar_mp_vishouse, minmay_tripent
D:2:      layout_rooms, serial_shops, nicolae_shop_crystal
D:3:      layout_basic, lemuel_crystal_altar
D:4:      layout_basic, slow_altar_2, minmay_temple_entry_stoned_glass,
          serial_forest, infiniplex_forest_lined_room_,
          infiniplex_forest_clump_diagonal, infiniplex_forest_end_1,
          infiniplex_forest_fountain, infiniplex_forest_3_way,
          kennysheep_small_spiral, palyth_stone_intersect,
          corexii_item_surrounded_by_moat, kennysheep_generic_room_10
D:5:      layout_rooms
D:6:      kennysheep_big_flooded_room, layout_basic, portal_sewer_entry_d,
          kb_rosetta

Skill      XL: |  1  2  3  4  5  6  7  8  9 |
---------------+----------------------------+-----
Invocations    | 1 2 3 4 5 |  5.1
Short Blades   | 1 2 3 4 |  4.6
Long Blades    | 1 2 3 4 |  4.6
Maces & Flails | 1 2 3 4 |  4.6
Polearms       | 1 2 3 4 |  4.6
Staves         | 1 2 3 4 |  4.6
Slings         | 1 2 3 4 |  4.6
Bows           | 1 2 3 4 |  4.6
Crossbows      | 1 2 3 4 |  4.6
Throwing       | 1 2 3 4 |  4.6
Armour         | 1 2 3 4 |  4.6
Shields        | 1 2 3 4 |  4.6
Unarmed Combat | 1 2 3 4 |  4.6
Spellcasting   | 1 2 3 4 |  4.6
Evocations     | 1 2 3 4 |  4.6
Conjurations   | 1 2 3 |  3.8
Hexes          | 1 2 3 |  3.8
Summonings     | 1 2 3 |  3.8
Necromancy     | 1 2 3 |  3.8
Translocations | 1 2 3 |  3.8
Transmutations | 1 2 3 |  3.8
Fire Magic     | 1 2 3 |  3.8
Ice Magic      | 1 2 3 |  3.8
Air Magic      | 1 2 3 |  3.8
Earth Magic    | 1 2 3 |  3.8
Poison Magic   | 1 2 3 |  3.8
Fighting       | 7 8 |  8.1
Axes           | 7 8 |  8.1
Dodging        | 7 8 |  8.1
Stealth        | 5 6 |  6.3

Action                   |  1- 3 |  4- 6 |  7- 9 || total
-------------------------+-------+-------+-------++-------
Melee: Hand axe          |    79 |       |       ||    79
       Bite              |     8 |     7 |    22 ||    37
       Broad axe         |     6 |    97 |   202 ||   305
       Dagger            |     1 |       |       ||     1
       Punch             |       |       |     2 ||     2
 Cast: Sandblast         |     2 |     3 |     2 ||     7
       Foxfire           |     2 |       |     1 ||     3
       Iskenderun's Batt |       |       |     1 ||     1
Evoke: Wand              |       |       |     2 ||     2
  Use: Scroll            |     2 |     7 |     6 ||    15
       Potion            |       |     4 |     4 ||     8
 Stab: Sleeping          |     3 |    14 |     7 ||    24
Armor: Robe              |    12 |     4 |    14 ||    30
Dodge: Dodged            |    75 |    36 |   139 ||   250

Table legend: (Time is in decaauts)
 A = Elapsed time spent in this place.
 B = Non-inter-level travel time spent in this place.
 C = Inter-level travel time spent in this place.
 D = Time resting spent in this place.
 E = Time spent auto-exploring this place.
 F = Levels seen in this place.
 G = Mean time per level.
                   A        B        C        D        E       F      G
               +--------+--------+--------+--------+--------+-----+--------+
         Total |   6060 |   5714 |    346 |    581 |   4110 |   7 |  865.7 |
       Dungeon |   5445 |   5099 |    346 |    581 |   3681 |   6 |  907.5 |
         Sewer |    615 |    615 |      0 |      0 |    429 |   1 |  615.0 |
               +--------+--------+--------+--------+--------+-----+--------+

Top non-repeatable levels by time:
     D:4: 1695 daAuts
     D:3: 917 daAuts
     D:1: 808 daAuts
     D:2: 747 daAuts
     D:5: 660 daAuts
     D:6: 616 daAuts
   Sewer: 615 daAuts
